 Dungeon Crawl Stone Soup version 0.22.0 (webtiles) character file.

593 Matezma the Grappler (level 7, -5/66 HPs)
             Began as a Troll Berserker on Oct 28, 2018.
             Was a Priest of Trog.
             Slain by an ice beast (6 damage)
             ... on level 5 of the Dungeon.
             The game lasted 00:17:19 (3451 turns).

Matezma the Grappler (Troll Berserker)              Turns: 3451, Time: 00:17:20

Health: -5/66      AC:  7    Str: 27    XL:     7   Next: 16%
Magic:  6/6        EV:  9    Int:  3    God:    Trog [***...]
Gold:   173        SH:  0    Dex: 10    Spells: 6/6 levels left

rFire    . . .     SeeInvis .     - Unarmed
rCold    . . .     Gourm    +   (no shield)
rNeg     + . .     Faith    .   r - +0 robe
rPois    .         Spirit   .   n - +2 hat
rElec    .         Reflect  .   (no cloak)
rCorr    .         Harm     .   (gloves unavailable)
MR       .....                  (boots unavailable)
Stlth    +.........             (no amulet)
HPRegen  0.61/turn              j - ring of positive energy
MPRegen  0.10/turn              (no ring)

@: heavily drained
A: large, unfitting armour, claws 3, fast metabolism 3, gourmand, regeneration
1, shaggy fur 1, tough skin 2
a: Berserk, Trog's Hand, Renounce Religion


You were on level 5 of the Dungeon.
You worshipped Trog.
Trog was most pleased with you.
You were completely stuffed.

You visited 1 branch of the dungeon, and saw 5 of its levels.

You collected 173 gold pieces.

Inventory:

Armour
 a - a +0 animal skin
 n - a +2 hat (worn)
 r - a +0 robe (worn)
Jewellery
 j - a ring of positive energy (left claw)
Scrolls
 c - 3 scrolls of remove curse
 o - a scroll of teleportation {unknown}
Potions
 e - 2 potions of brilliance
 f - a potion of cancellation {unknown}
 h - a potion of flight {unknown}
 k - a potion of heal wounds {unknown}
 l - a potion of magic {unknown}
 m - a potion of agility {unknown}
 p - a potion of might {unknown}
 q - a potion of haste {unknown}
Comestibles
 b - 9 rations


   Skills:
 - Level 2.4(0.9) Fighting
 - Level 2.4(0.9) Dodging
 + Level 8.3(6.6) Unarmed Combat


You had 6 spell levels left.
You didn't know any spells.
Your spell library was empty.

Dungeon Overview and Level Annotations

Branches:
Dungeon (5/15)             Temple (0/1) D:4

Altars:
Ashenzari
Qazlal
Xom


Innate Abilities, Weirdness & Mutations

You are too large for most types of armour.
You have claws for hands.
Your metabolism is lightning-fast.
You like to eat raw meat.
Your natural rate of healing is unusually fast.
You are covered in fur. (AC +1)
You have very tough skin. (AC +2)


Message History

The ice beast is severely wounded.
The orc priest hits you but does no damage.
You closely miss the ice beast.
The ice beast is severely wounded.
The ice beast hits you. The ice beast freezes you!
* * * LOW HITPOINT WARNING * * *
The orc priest looks braver for a moment.
You scratch the ice beast.
The ice beast is severely wounded.
The ice beast closely misses you.
The orc priest hits you from afar with a trident!
* * * LOW HITPOINT WARNING * * *
You are too injured to fight recklessly!
You are too injured to fight recklessly!
You barely miss the ice beast.
The ice beast is severely wounded.
The ice beast hits you.
* * * LOW HITPOINT WARNING * * *
The ice beast freezes you.
You die...

#.......## ##.((.##
#.##.....###....##
###.##.......#.#..#
#...#..........#..#
..................#
................#.#####.
..............#.o....[...
.........(....##Y.).##.#.
................@..#...#
........................
............(............
..............###.###....
..............# #... ....
..<...........# .### ..
..............# ##
.......>..... ....##.


You could see an ice beast and an orc priest.

Vanquished Creatures
  3 ogres (D:4)
  A centaur (D:4)
  A scorpion (D:4)
  2 worker ants
  6 adders
  A worm (D:3)
  2 dart slugs (D:2)
  4 leopard geckos
  8 orcs
  A ball python (D:4)
  6 giant cockroaches
  16 goblins
  8 hobgoblins
  8 jackals
  3 quokkas
  9 bats
  A frilled lizard (D:2)
  11 kobolds
  7 rats
98 creatures vanquished.

Notes
Turn   | Place    | Note
-------+----------+-------------------------------------------
     0 | D:1      | Matezma the Troll Berserker began the quest for the Orb.
     0 | D:1      | Reached XP level 1. HP: 22/22 MP: 0/0
   248 | D:1      | Reached XP level 2. HP: 27/29 MP: 1/1
   459 | D:1      | Found a shimmering altar of Xom.
   509 | D:1      | Reached skill level 4 in Unarmed Combat
   924 | D:2      | Reached XP level 3. HP: 36/36 MP: 2/2
   985 | D:2      | Reached ** piety under Trog
  1414 | D:2      | Reached skill level 5 in Unarmed Combat
  1414 | D:2      | Reached XP level 4. HP: 44/44 MP: 3/3
  1420 | D:2      | Found a shattered altar of Ashenzari.
  1953 | D:3      | Reached XP level 5. HP: 46/50 MP: 4/4
  2075 | D:3      | Reached *** piety under Trog
  2249 | D:3      | Found a stormy altar of Qazlal.
  2437 | D:4      | Noticed a centaur
  2442 | D:4      | Killed a centaur
  2442 | D:4      | Reached skill level 6 in Unarmed Combat
  2537 | D:4      | Noticed an ogre
  2542 | D:4      | Killed an ogre
  2542 | D:4      | Reached skill level 7 in Unarmed Combat
  2542 | D:4      | Reached XP level 6. HP: 59/59 MP: 5/5
  2829 | D:4      | Reached skill level 8 in Unarmed Combat
  2829 | D:4      | Reached XP level 7. HP: 66/66 MP: 6/6
  3192 | D:4      | Found a staircase to the Ecumenical Temple.
  3356 | D:5      | Entered Level 5 of the Dungeon
  3450 | D:5      | HP: 2/66 [orc priest/trident (9)]
  3451 | D:5      | Slain by an ice beast

Skill      XL: |  1  2  3  4  5  6 |
---------------+-------------------+-----
Unarmed Combat | 4 5 7 8 |  8.3
Fighting       | |  2.4
Dodging        | |  2.4

Action                   |  1- 3 |  4- 6 |  7- 9 || total
-------------------------+-------+-------+-------++-------
Melee: Unarmed           |    98 |    95 |    34 ||   227
       Punch             |     4 |     2 |       ||     6
Throw: Large rock        |    11 |    15 |     3 ||    29
  Use: Scroll            |     4 |     5 |     1 ||    10
       Potion            |       |       |     1 ||     1
  Eat: Chunk             |    18 |    13 |     6 ||    37
Armor: Animal skin       |    50 |    30 |     5 ||    85
       Robe              |       |       |    17 ||    17
Dodge: Dodged            |    58 |    48 |    17 ||   123
